 Dungeon Crawl Stone Soup version 0.24.0-13-gcf9b319 (webtiles) character file.

Game seed: 1082876570719888818, levelgen mode: deterministic

1509 Balder the Cleaver (level 8, -3/69 HPs)
             Began as a Hill Orc Fighter on May 23, 2020.
             Was an Initiate of Dithmenos.
             Slain by an ogre
             ... wielding a +0 giant club
              (5 damage)
             ... on level 6 of the Dungeon.
             The game lasted 00:24:16 (5843 turns).

Balder the Cleaver (Hill Orc Fighter)               Turns: 5843, Time: 00:24:17

Health: -3/69      AC: 12    Str: 19    XL:     8   Next: 83%
Magic:  8/8        EV:  6    Int:  8    God:    Dithmenos [......]
Gold:   255        SH: 10    Dex: 12    Spells: 7/7 levels left

rFire    . . .     SeeInvis .   a - +0 war axe
rCold    . . .     Gourm    .   c - +0 shield
rNeg     . . .     Faith    .   A - +0 chain mail
rPois    .         Spirit   .   (no helmet)
rElec    .         Reflect  .   m - +0 cloak
rCorr    .         Harm     .   x - +0 pair of gloves
MR       +....                  (no boots)
Stlth    ..........             (no amulet)
HPRegen  0.21/turn              l - ring of protection from magic
MPRegen  0.11/turn              v - ring of wizardry

@: no status effects
A: no striking features
a: Renounce Religion


You were on level 6 of the Dungeon.
You worshipped Dithmenos.
Dithmenos was noncommittal.
You were not hungry.

You visited 2 branches of the dungeon, and saw 7 of its levels.

You collected 255 gold pieces.

Inventory:

Hand Weapons
 a - a +0 war axe (weapon)
 n - the +2 dagger "Megaomau" {antimagic, Dex+4}
   (You found it on level 5 of the Dungeon)

   It reduces the magical energy of the wielder, and disrupts the spells and
   magical abilities of those hit.
   Natural abilities and divine invocations are not affected.
   It affects your dexterity (+4).
 s - a +0 morningstar
 w - a +1 vampiric rapier
 y - a +1 flail of protection
Missiles
 o - 2 silver javelins
 t - 2 boomerangs (quivered)
Armour
 c - a +0 shield (worn)
 m - a +0 cloak (worn)
 x - a +0 pair of gloves (worn)
 A - a +0 chain mail (worn)
Jewellery
 l - a ring of protection from magic (left hand)
 v - a ring of wizardry (right hand)
Wands
 q - a wand of polymorph (5)
 r - a wand of disintegration (1)
Scrolls
 d - 3 scrolls of enchant armour {unknown}
 e - 3 scrolls of teleportation {unknown}
 g - 9 scrolls of identify {unknown}
 h - a scroll of amnesia {unknown}
 i - 4 scrolls of remove curse
 k - a scroll of fog {unknown}
 p - a scroll of blinking {unknown}
Potions
 b - a potion of magic
 j - a potion of degeneration {unknown}
 u - 2 potions of curing {unknown}
Comestibles
 f - 4 rations


   Skills:
 * Level 5.4 Fighting
 + Level 0.9 Short Blades
 * Level 8.7(9.1) Axes
 * Level 3.1(5.5) Maces & Flails
 * Level 2.8 Throwing
 * Level 5.9 Armour
 + Level 0.9 Dodging
 + Level 0.4 Stealth
 * Level 5.3 Shields
 + Level 0.5 Evocations


You had 7 spell levels left.
You didn't know any spells.
Your spell library was empty.

Dungeon Overview and Level Annotations

Branches:
Dungeon (6/15)             Temple (1/1) D:4

Altars:
Ashenzari
Cheibriados
Dithmenos
Fedhas
Gozag
Kikubaaqudgha
Makhleb
Nemelex Xobeh
Okawaru
Trog
Vehumet
Wu Jian
Xom
Zin

Annotations:
D:5 3 runed translucent doors, Southernist's ghost, novice BaFi


Message History

Aim: an ogre, wielding a +0 giant club (moderately wounded)
You throw a boomerang. The boomerang hits the ogre.
The ogre is heavily wounded.
Throwing (i - inventory. (/) - cycle)
t - 2 boomerangs (quivered)
Press: ? - help, Shift-Dir - straight line, f/p - ogre
Aim: an ogre, wielding a +0 giant club (heavily wounded)
You throw a boomerang. The boomerang barely misses the ogre.
Throwing (i - inventory. (/) - cycle)
t - 2 boomerangs (quivered)
Press: ? - help, Shift-Dir - straight line, f/p - ogre
Aim: an ogre, wielding a +0 giant club (heavily wounded)
You throw a boomerang. The boomerang hits the ogre.
The ogre is heavily wounded.
Your shield and chain mail prevent you from hitting the ogre.
The ogre is heavily wounded.
The ogre hits you with a +0 giant club!!
* * * LOW HITPOINT WARNING * * *
You hit the ogre.
The ogre is severely wounded.
The ogre hits you with a +0 giant club.
You die...

#.<..#
#....#
+....#
#....#
#....#
#....#
#..>.#
#....#
##@#.#
#O#.#
#.#.#
#.#.#
#.#.#
#.#..
#.#..
...
#.#


You could see an ogre.

Vanquished Creatures
  Sigmund (D:4)
  Edmund (D:5)
  An ice beast (D:5)
  2 sky beasts
  2 ogres
  2 scorpions
  A centaur zombie (D:5)
  2 crimson imps
  2 orc priests (D:4)
  2 hounds (D:4)
  A jelly (D:5)
  A gnoll shaman (D:4)
  5 orc wizards
  2 worker ants
  7 gnolls
  3 adders
  An ooze (D:3)
  2 adder skeletons
  2 worms
  4 dart slugs
  5 leopard geckos
  20 orcs
  3 giant cockroaches
  9 hobgoblins
  8 jackals
  5 quokkas
  2 ball pythons
  9 bats
  9 frilled lizards
  7 goblins
  5 kobolds
  A quokka skeleton (D:4)
  9 rats
136 creatures vanquished.

Notes
Turn   | Place    | Note
-------+----------+-------------------------------------------
     0 | D:1      | Balder the Hill Orc Fighter began the quest for the Orb.
     0 | D:1      | Reached XP level 1. HP: 19/19 MP: 1/1
   220 | D:1      | Reached XP level 2. HP: 23/27 MP: 2/2
   317 | D:1      | Reached skill level 3 in Axes
   613 | D:1      | Reached XP level 3. HP: 31/33 MP: 3/3
  1205 | D:2      | Reached XP level 4. HP: 40/40 MP: 4/4
  1210 | D:2      | Reached skill level 4 in Axes
  1583 | D:3      | Reached skill level 1 in Throwing
  1583 | D:3      | Reached XP level 5. HP: 47/47 MP: 5/5
  1938 | D:3      | Found a sparkling altar of Nemelex Xobeh.
  2163 | D:3      | Reached skill level 5 in Axes
  2424 | D:4      | Reached XP level 6. HP: 44/53 MP: 6/6
  2889 | D:4      | Noticed Sigmund
  2914 | D:4      | Reached skill level 6 in Axes
  2922 | D:4      | Killed Sigmund
  2922 | D:4      | Reached skill level 1 in Maces & Flails
  2922 | D:4      | Reached XP level 7. HP: 14/60 MP: 7/7
  3218 | D:4      | Reached skill level 7 in Axes
  3240 | D:5      | Entered Level 5 of the Dungeon
  3457 | D:5      | Reached skill level 5 in Fighting
  3756 | D:5      | Reached skill level 5 in Armour
  3952 | D:5      | Reached XP level 8. HP: 24/68 MP: 8/8
  4191 | D:5      | Reached skill level 5 in Shields
  4232 | D:5      | Got a polished dagger
  4235 | D:5      | Identified the +2 dagger "Megaomau" {antimagic, Dex+4} (You
                  | found it on level 5 of the Dungeon)
  4289 | D:5      | Found a runed translucent gate.
  4289 | D:5      | Found a runed translucent gate.
  4290 | D:5      | Noticed Southernist's ghost (novice BaFi)
  4294 | D:5      | Found a runed translucent gate.
  4770 | D:5      | Noticed Edmund
  4780 | D:5      | Killed Edmund
  4780 | D:5      | Reached skill level 8 in Axes
  5466 | D:4      | Found a staircase to the Ecumenical Temple.
  5480 | Temple   | Entered the Ecumenical Temple
  5546 | Temple   | Became a worshipper of Dithmenos the Shadowed
  5842 | D:6      | HP: 2/69 [ogre/+0 giant club (20)]
  5843 | D:6      | Slain by an ogre

Levels and vault maps discovered:
D:1:      lemuel_arrival_rhombus, layout_basic, minmay_pentomino_p4
D:2:      layout_loops_ring, first_ration
D:3:      layout_basic, nemelex_altar_shiori
D:4:      layout_cave_pools, minmay_temple_entry_stoned_glass, uniq_sigmund
D:5:      layout_loops_corners, ebering_ghost_rock_garden, uniq_edmund
D:6:      layout_basic, amethyst_overflow_temple_binary,
          nicolae_ossuary_entry_monument, serial_shops,
          nicolae_shop_temple_entry_statues_fountains, minmay_lizard_king
Temple:   regret_index_temple_chain_breaker

Skill      XL: |  1  2  3  4  5  6  7  8 |
---------------+-------------------------+-----
Axes           | 3 4 5 6 7 8 |  8.7
Fighting       | 4 5 |  5.4
Throwing       | 1 2 |  2.8
Shields        | 4 5 |  5.3
Armour         | 4 5 |  5.9
Maces & Flails | 1 2 3 |  3.1
Short Blades   | |  0.9
Dodging        | |  0.9
Stealth        | |  0.4
Evocations     | |  0.5

Action                   |  1- 3 |  4- 6 |  7- 9 || total
-------------------------+-------+-------+-------++-------
Melee: War axe           |   144 |   172 |   172 ||   488
       Dagger            |       |       |    25 ||    25
Throw: Boomerang         |       |    11 |    22 ||    33
Evoke: Wand              |       |     5 |     7 ||    12
  Use: Scroll            |     1 |       |       ||     1
       Potion            |       |     6 |       ||     6
 Stab: Paralysed         |       |       |     6 ||     6
  Eat: Chunk             |     1 |     5 |     6 ||    12
       Ration            |       |     1 |     1 ||     2
Armor: Scale mail        |    65 |    71 |    55 ||   191
       Chain mail        |       |       |    11 ||    11
Dodge: Dodged            |    40 |    54 |    32 ||   126
Block: Shield            |    73 |    89 |    78 ||   240
